 Dungeon Crawl Stone Soup version 0.31.0-11-ge490571c62 (webtiles) character file.

Game seed: 2593840355539148050

711 dorian the Cutter (level 7, -4/28 (37) HPs)
             Began as a Vine Stalker Brigand on Jan 31, 2024.
             Was a Believer of Uskayaw.
             Slain by a wight
             ... wielding a +0 dire flail
              (5 damage)
             ... on level 4 of the Dungeon.
             The game lasted 00:07:15 (3025 turns).

dorian the Cutter (Vine Stalker Brigand)            Turns: 3025, Time: 00:07:15

HP:   -4/28 (37)    AC: 12    Str: 13    XL:     7   Next: 68%
MP:   0/8           EV: 13    Int: 11    God:    Uskayaw [**....]
Gold: 221           SH:  0    Dex: 18    Spells: 6/6 levels left

rFire   . . .        s - +2 short sword (venom)
rCold   . . .        (no shield)
rNeg    . . .        l - +3 leather armour {Will+}
rPois   .            (no helmet)
rElec   .            c - +1 cloak
rCorr   .            (no gloves)
SInv    .            (no boots)
Will    +....        (no amulet)
Stlth   +++          o - +4 ring of protection
HPRegen 1.04/turn    (no ring)
MPRegen 0.11/turn

%: guardian spirit
@: heavily drained
A: fangs 2, regeneration 1, magic shield, antimagic bite, no potion heal 2
a: Renounce Religion, Stomp, Line Pass


You were on level 4 of the Dungeon.
You worshipped Uskayaw.
Uskayaw was noncommittal.
You visited 1 branch of the dungeon, and saw 4 of its levels.

You collected 221 gold pieces.

Inventory:

Hand Weapons
 a - a +3 dagger
 f - a +0 dagger of draining
 k - a +0 rapier
 s - a +2 short sword of venom (weapon)
Missiles
 d - 17 poisoned darts (quivered)
 e - 3 curare-tipped darts
Armour
 b - a +0 robe
 c - a +1 cloak (worn)
 l - a +3 leather armour of willpower (worn)
Jewellery
 o - a +4 ring of protection (left hand)
Scrolls
 n - a scroll of immolation
 p - a scroll of silence {unknown}
 r - a scroll of identify
 t - a scroll of teleportation
 u - a scroll of brand weapon {unknown}
 v - a scroll of fear {unknown}
Potions
 g - a potion of enlightenment
 h - a potion of lignification
 i - a potion of might {unknown}
 j - a potion of berserk rage
 m - 2 potions of mutation {unknown}
 q - a potion of curing


   Skills:
 + Level 4.0 Fighting
 * Level 5.5 Short Blades
 - Level 1.7 Throwing
 + Level 3.3 Dodging
 - Level 4.8 Stealth


You had 6 spell levels left.
You didn't know any spells.
Your spell library was empty.

Dungeon Overview and Level Annotations

Branches:
Dungeon (4/15) Zot: 21018
 Temple: D:4-7

Altars:
Uskayaw

Shops:
D:2 [::


Innate Abilities, Weirdness & Mutations

You have extremely sharp teeth.
Your natural rate of healing is unusually fast.
When hurt, damage is shared between your health and your magic reserves.
Your bite disrupts and absorbs the magic of your enemies.
Potions cannot restore your health.


Message History

The wight is moderately damaged.
You hit the wight but do no damage. You bite the wight, but do no damage.
The wight is moderately damaged.
The wight barely misses you.
You hit the wight but do no damage. You bite the wight, but do no damage.
The wight is moderately damaged.
The wight hits you with a +0 dire flail.
You feel drained.
You barely miss the wight.
The wight is moderately damaged.
The wight completely misses you.
You completely miss the wight.
The wight is moderately damaged.
You barely miss the wight.
The wight is moderately damaged.
The wight hits you but does no damage. The wight barely misses you.
You hit the wight but do no damage.
The wight is moderately damaged.
The wight hits you but does no damage. The wight barely misses you.
You barely miss the wight. You bite the wight. You drain its power.
You feel invigorated.
The wight is heavily damaged.
The wight hits you with a +3 battleaxe!
You feel drained.
You hit the wight.
The wight is severely damaged.
The wight misses you.
You hit the wight. You bite the wight, but do no damage.
The wight is almost destroyed.
The wight hits you with a +3 battleaxe!
The wight hits you with a +0 dire flail!
You feel drained.
You can now pass through a line of other dancers.
You hit the wight.
The wight is almost destroyed.
The wight hits you with a +3 battleaxe!
* * * LOW HITPOINT WARNING * * *
You feel drained.
* * * LOW HITPOINT WARNING * * *
The wight hits you with a +0 dire flail.
You die...

#.......#..#.#.#.#†#....#
#.......#..#.#.#.#.#.####
#)......#..#.#.#.#.#.....
#.......#..#.#<#...#.....
#...[...#..#.#######.....
#.......#................
##.......................
#.........##############
#......@z.########## #
#.......z.##........ #
#########.##........ #
#........... #
####z....... #
#............ #
#..z.z.##.#.. # #......#
... # #......# #... #


You could see 3 wights.

Vanquished Creatures
  Grinder (D:3)
  Eustachio (D:4)
  A bombardier beetle (D:4)
  2 hounds (D:4)
  4 orc wizards (D:4)
  6 gnolls
  5 adders
  4 dart slugs
  10 orcs
  3 ball pythons
  7 endoplasms
  4 giant cockroaches
  5 hobgoblins
  5 jackals
  8 kobolds
  4 quokkas
  3 bats
  5 frilled lizards
  3 goblins
  5 rats
86 creatures vanquished.

Notes
Turn   | Place    | Note
-------+----------+-------------------------------------------
     0 | D:1      | dorian the Vine Stalker Brigand began the quest for the
                  | Orb.
     0 | D:1      | Reached XP level 1. HP: 11/11 MP: 2/2
    64 | D:1      | Reached skill level 2 in Short Blades
    75 | D:1      | Reached skill level 1 in Dodging
   169 | D:1      | Reached XP level 2. HP: 12/15 MP: 3/3
   415 | D:1      | Reached XP level 3. HP: 18/18 MP: 4/4
   757 | D:2      | Found a hide-covered altar of Uskayaw.
   772 | D:2      | Became a worshipper of Uskayaw the Reveller
   814 | D:2      | Reached * piety under Uskayaw
   816 | D:2      | Reached ** piety under Uskayaw
   822 | D:2      | Reached *** piety under Uskayaw
   825 | D:2      | Reached **** piety under Uskayaw
   826 | D:2      | Reached skill level 3 in Short Blades
   826 | D:2      | Reached XP level 4. HP: 8/23 MP: 1/5
   892 | D:2      | Found Ihamamepung's Book Shoppe.
   937 | D:2      | Found Kaeh's Antique Armour Boutique.
  1147 | D:2      | Found Talaedeg's Book Shoppe.
  1208 | D:2      | You fall into a shaft and drop 1 floor!
  1346 | D:3      | Reached XP level 5. HP: 27/27 MP: 6/6
  1599 | D:3      | Noticed Grinder
  1610 | D:3      | Paralysed by Grinder for 4 turns
  1621 | D:3      | Killed Grinder
  1622 | D:3      | Reached skill level 4 in Short Blades
  1622 | D:3      | Reached XP level 6. HP: 11/32 MP: 5/7
  2328 | D:4      | Reached ***** piety under Uskayaw
  2335 | D:4      | Reached XP level 7. HP: 23/36 MP: 8/8
  2360 | D:4      | Noticed Eustachio
  2379 | D:4      | Killed Eustachio
  2380 | D:4      | Reached skill level 5 in Short Blades
  3025 | D:4      | HP: 1/28 [wight/+3 battleaxe (3)]
  3025 | D:4      | Slain by a wight

Illustrated notes

Levels and vault maps discovered:
D:1:      dpeg_arrival_arbitrary_b, layout_basic, minivault_4
D:2:      layout_basic, serial_shops, nicolae_shop_scrapyard, shop, shop,
          shapermc_ecumenical_altar_mp_highgroup, basic_altar
D:3:      layout_loops_corners, uniq_grinder
D:4:      layout_basic, uniq_natasha, uniq_eustachio

Skill      XL: |  1  2  3  4  5  6  7 |
---------------+----------------------+-----
Short Blades   | 2 3 4 5 |  5.5
Dodging        | 1 2 3 |  3.3
Fighting       | 2 3 4 |  4.0
Throwing       | |  1.7
Stealth        | |  4.8

Action                     |  1- 3 |  4- 6 |  7- 9 || total
---------------------------+-------+-------+-------++-------
  Melee: Dagger            |    73 |   120 |    33 ||   226
         Bite              |    13 |    31 |    19 ||    63
         Short sword       |       |       |    34 ||    34
         Punch             |       |       |     1 ||     1
    Use: Potion            |     3 |       |       ||     3
         Scroll            |     2 |     5 |       ||     7
   Stab: Distracted        |     1 |       |       ||     1
         Sleeping          |     2 |     8 |     5 ||    15
         Paralysed         |       |     2 |       ||     2
 Armour: Robe              |    31 |    68 |     9 ||   108
         Leather armour    |       |       |    22 ||    22
  Dodge: Dodged            |    38 |    56 |    30 ||   124
